 Dungeon Crawl Stone Soup version 0.29.1-1-gd02db6906a (webtiles) character file.

Game seed: 17000236727335227716

221 mcbry74 the Chopper (level 5, -1/46 HPs)
             Began as a Minotaur Berserker on Sept 21, 2022.
             Was a Believer of Trog.
             Killed from afar by Dowan (16 damage)
             ... with a shard of ice
             ... on level 4 of the Dungeon.
             The game lasted 00:07:09 (2812 turns).

mcbry74 the Chopper (Minotaur Berserker)            Turns: 2812, Time: 00:07:11

Health: -1/46      AC:  4    Str: 23    XL:     5   Next: 65%
Magic:  4/4        EV: 13    Int:  6    God:    Trog [**....]
Gold:   233        SH:  0    Dex: 14    Spells: 4/4 levels left

rFire   . . .      SeeInvis .   i - +4 rapier of Fahemill {venom, Fragile rN++ Str+2 Dex+4}
rCold   . . .      Faith    .   (no shield)
rNeg    + + .      Spirit   .   b - +0 animal skin
rPois   .          Reflect  .   (helmet restricted)
rElec   .          Harm     .   v - +0 cloak
rCorr   .          Rampage  .   j - +0 pair of gloves
Will    .....                   (no boots)
Stlth   +.........              (no amulet)
HPRegen 0.15/turn               (no ring)
MPRegen 0.09/turn               (no ring)

@: lit by a corona, on berserk cooldown, slowed, glowing, very slow
A: horns 2, retaliatory headbutt
a: Renounce Religion, Berserk, Trog's Hand


You were on level 4 of the Dungeon.
You worshipped Trog.
Trog was pleased with you.
You visited 1 branch of the dungeon, and saw 4 of its levels.

You collected 233 gold pieces.

Inventory:

Hand Weapons
 a - a +0 hand axe
 i - the +4 rapier of Fahemill (weapon) {venom, Fragile rN++ Str+2 Dex+4}
   (You found it on level 3 of the Dungeon)

   It poisons the flesh of those it strikes.
   Str:       It affects your strength (+2).
   Dex:       It affects your dexterity (+4).
   rN:        It greatly protects you from negative energy.
   Fragile:   It will be destroyed if unequipped.
 t - a +0 war axe
 w - a +3 quarterstaff of chaos
Missiles
 c - a poisoned dart (quivered)
 g - 6 boomerangs
Armour
 b - a +0 animal skin (worn)
 j - a +0 pair of gloves (worn)
 v - a +0 cloak (worn)
Wands
 m - a wand of light (4)
 q - a wand of flame (27)
Scrolls
 f - 6 scrolls of identify {unknown}
 h - a scroll of poison {unknown}
 k - 2 scrolls of silence {unknown}
 l - 2 scrolls of teleportation {unknown}
 n - a scroll of noise {unknown}
 r - a scroll of fear {unknown}
 s - a scroll of enchant armour {unknown}
 u - a scroll of butterflies {unknown}
Potions
 d - a potion of might {unknown}
 e - 3 potions of curing {unknown}
 o - 3 potions of mutation {unknown}
 p - 2 potions of flight {unknown}


   Skills:
 - Level 4.0 Fighting
 * Level 6.0 Axes
 + Level 2.4 Throwing
 - Level 3.1 Armour
 - Level 3.1 Dodging


You had 4 spell levels left.
You didn't know any spells.
Your spell library was empty.

Dungeon Overview and Level Annotations

Branches:
Dungeon (4/15)
 Temple: D:4-7

Altars:
Uskayaw

Annotations:
D:4 Dowan


Innate Abilities, Weirdness & Mutations

You have a pair of horns on your head.
You reflexively headbutt those who attack you in melee.


Message History

Duvessa seems to speed up.
Duvessa hits you with a +0 short sword.
You barely miss Duvessa.
Duvessa is lightly wounded.
Duvessa hits you with a +0 short sword!
You hit Duvessa.
Duvessa is moderately wounded.
Duvessa hits you with a +0 short sword!
You hit Duvessa.
Duvessa is poisoned.
Duvessa is heavily wounded.
Duvessa says, "I don't care about looks, I care about technique!"
Duvessa zaps a wand.
The puff of flame hits you but does no damage.
Duvessa hits you with a +0 short sword.
You puncture Duvessa!
Duvessa looks as sick as possible!
Duvessa is severely wounded.
Duvessa hits you with a +0 short sword!
You puncture Duvessa!
You kill Duvessa!
Trog accepts your kill.
Dowan's eyes darken. "You have made a black mistake."
Dowan seems to find hidden reserves of power!
Your Axes skill increases to level 6!
Your Throwing skill increases to level 2!
You have reached level 5!
You puncture Dowan! Your headbutt misses Dowan.
Dowan is heavily wounded.
Dowan casts a spell.
Dowan blinks!
You are no longer berserk.
You are exhausted.
You feel yourself slow down.
Items here: ) / [ ††.
You closely miss Dowan.
Dowan is heavily wounded.
Dowan barely misses you.
Dowan gestures wildly while chanting.
Dowan blinks!
Dowan gestures at you while chanting. The shard of ice hits you!
You die...

.. . ##. # # #..
.# #.#.# .# #+#
#.#.##e.##. #.#
#..§.?..... #.#
#@# ##.########.#
##.<.#.....#.#
#..........#.#
#............#
.[...#.##.....###
#########.....#
#######


You could see Dowan (fast).

Vanquished Creatures
  Duvessa (D:4)
  Crazy Yiuf (D:2)
  Ijyb (D:3)
  An adder (D:2)
  2 dart slugs
  An orc (D:3)
  3 ball pythons
  5 bats
  5 endoplasms
  A giant cockroach (D:3)
  5 goblins
  6 hobgoblins
  2 quokkas
  6 frilled lizards
  6 kobolds
  3 rats
49 creatures vanquished.

Notes
Turn   | Place    | Note
-------+----------+-------------------------------------------
     0 | D:1      | mcbry74 the Minotaur Berserker began the quest for the Orb.
     0 | D:1      | Reached XP level 1. HP: 19/19 MP: 0/0
    72 | D:1      | Found a faded altar of an unknown god.
   408 | D:1      | Reached XP level 2. HP: 27/27 MP: 1/1
   733 | D:1      | Reached skill level 4 in Axes
  1358 | D:2      | Reached XP level 3. HP: 31/33 MP: 2/2
  1442 | D:2      | Reached ** piety under Trog
  1443 | D:2      | Reached skill level 1 in Throwing
  1920 | D:2      | Found a runed translucent door.
  1921 | D:2      | Noticed Crazy Yiuf
  2009 | D:3      | Identified the +4 rapier of Fahemill {venom, Fragile rN++
                  | Str+2 Dex+4}
  2069 | D:3      | Noticed Ijyb
  2081 | D:3      | Killed Ijyb
  2082 | D:3      | Reached XP level 4. HP: 30/40 MP: 3/3
  2229 | D:3      | Found a hide-covered altar of Uskayaw.
  2535 | D:2      | Killed Crazy Yiuf
  2536 | D:2      | Reached skill level 5 in Axes
  2794 | D:4      | Noticed Duvessa
  2794 | D:4      | Noticed Dowan
  2809 | D:4      | Killed Duvessa
  2810 | D:4      | Reached skill level 6 in Axes
  2810 | D:4      | Reached XP level 5. HP: 22/46 MP: 4/4
  2812 | D:4      | Killed from afar by Dowan

Illustrated notes

Levels and vault maps discovered:
D:1:      scummos_arrival_star, layout_loops_corners, basic_ecumenical_altar
D:2:      layout_rooms, corexii_leaking_fountain, uniq_crazy_yiuf_cottage
D:3:      layout_basic, lemuel_doored_altar, uniq_ijyb
D:4:      layout_loops_corners, st_stairs_6, minmay_manual_monstrance,
          uniq_eustachio, uniq_pikel, uniq_robin, uniq_sigmund, uniq_duvessa

Skill      XL: |  1  2  3  4 |
---------------+-------------+-----
Axes           | 4 6 |  6.0
Throwing       | 1 2 |  2.4
Fighting       | 4 |  4.0
Armour         | 3 |  3.1
Dodging        | 3 |  3.1

Action                   |  1- 3 |  4- 6 || total
-------------------------+-------+-------++-------
Melee: Hand axe          |    64 |       ||    64
       Headbutt          |     6 |     2 ||     8
       Rapier            |     8 |    25 ||    33
Throw: Stone             |    28 |       ||    28
       Dart              |     2 |       ||     2
Invok: Berserk           |       |     1 ||     1
 Stab: Sleeping          |     1 |       ||     1
Armor: Animal skin       |    10 |     4 ||    14
Dodge: Dodged            |    43 |    10 ||    53
